Map: Lightshade LE

Players

Serral - Winner!

  • Race: Zerg Zerg
  • Spawn Location: 5:00

Bunny

  • Race: Terran Terran
  • Spawn Location: 11:00

Event: IEM Katowice 2021

VOD

Have the link to the VOD?

Description

Time

  • Played on: Feb. 23, 2021, 10:36 a.m.
  • Length: 16:22

All games in this series

Show
View Real Time Build Order
Export as new Build Order

Serral Zerg - Winner!

Build Orders: Hatch First, Lurkers 

Get SALT Encoding   

  12  0:00  Drone  
  13  0:12  Overlord  
  13  0:18  Drone  
  14  0:31  Drone x2  
  16  0:47  Hatchery  
  15  0:51  Drone  
  15  0:54  Drone  
  17  0:57  Drone  
  18  1:08  Extractor  
  17  1:13  Spawning Pool  
  17  1:16  Drone  
  17  1:19  Drone  
  18  1:28  Drone  
  19  1:38  Drone  
  20  1:49  Drone  
  21  1:59  Queen x2  
  21  2:01  Zergling x4  
  27  2:11  Overlord  
  27  2:12  Metabolic Boost, Drone  
  28  2:29  Hatchery  
  27  2:31  Drone  
  27  2:34  Drone  
  29  2:39  Drone x2  
  31  2:45  Queen  
  31  2:50  Overlord  
  33  2:54  Drone  
  33  2:56  Drone  
  35  2:58  Drone  
  36  3:10  Drone x4  
  36  3:12  Overlord  
  40  3:14  Drone  
  40  3:18  Drone  
  42  3:21  Queen  
  44  3:30  Queen  
  44  3:33  Overlord  
  46  3:41  Drone x2  
  48  3:42  Zergling x4  
  48  3:46  Zergling x2  
  48  3:47  Queen  
  48  3:48  Drone x2  
  55  3:52  Overlord  
  55  3:56  Zergling x2  
  55  3:57  Drone x3  
  55  4:02  Queen  
  61  4:05  Overlord  
  61  4:12  Zergling x4  
  61  4:16  Drone  
  61  4:17  Drone x3  
  65  4:22  Overlord  
  66  4:25  Drone x2  
  66  4:26  Drone  
  66  4:29  Lair  
  69  4:31  Spore Crawler  
  69  4:34  Spore Crawler  
  69  4:35  Spore Crawler  
  69  4:36  Zergling x2  
  67  4:41  Baneling Nest, Drone  
  67  4:42  Drone  
  67  4:43  Drone  
  67  4:45  Drone x2  
  71  4:47  Drone  
  71  4:49  Zergling x2  
  71  4:51  Drone x2  
  75  4:55  Overlord, Drone  
  75  4:57  Overlord  
  75  4:59  Drone  
  77  5:00  Drone  
  77  5:02  Drone  
  77  5:06  Extractor  
  77  5:07  Extractor, Drone x3  
  77  5:10  Drone  
  77  5:11  Drone  
  77  5:13  Drone  
  80  5:16  Drone x2  
  80  5:18  Drone  
  83  5:22  Extractor  
  83  5:23  Evolution Chamber x2  
  83  5:24  Drone  
  83  5:27  Drone x3  
  84  5:28  Overseer  
  84  5:31  Overseer  
  84  5:35  Queen  
  86  5:36  Drone x2  
  86  5:39  Centrifical Hooks  
  86  5:41  Drone  
  87  5:43  Drone  
  87  5:44  Drone x2  
  87  5:46  Overlord  
  90  5:50  Drone  
  90  5:51  Drone  
  90  5:55  Zerg Ground Armor Level 1  
  92  5:59  Extractor  
  92  6:00  Hatchery  
  92  6:03  Zerg Melee Weapons Level 1  
  90  6:08  Drone x3  
  90  6:10  Zergling x4  
  90  6:11  Zergling x4  
  97  6:13  Zergling x4  
  97  6:17  Overlord  
  99  6:19  Zergling x6  
  99  6:25  Drone x3  
  105  6:31  Baneling x8  
  105  6:32  Drone, Spore Crawler  
  105  6:33  Drone  
  105  6:34  Overlord x2  
  105  6:39  Overlord  
  106  6:47  Drone x3  
  106  6:48  Zergling x2  
  106  6:49  Zergling x2  
  106  6:52  Drone x2  
  106  6:53  Drone  
  112  6:54  Zergling x2  
  112  6:57  Zergling x6  
  112  6:58  Baneling x2  
  112  6:59  Baneling  
  112  7:01  Zergling x8  
  119  7:04  Zergling x4  
  119  7:05  Overseer  
  119  7:06  Pneumatized Carapace  
  121  7:12  Queen  
  121  7:14  Baneling x5  
  123  7:17  Zergling x2  
  123  7:18  Zergling x6  
  123  7:21  Baneling x3  
  127  7:23  Overlord  
  127  7:24  Zergling x2  
  127  7:25  Zergling x2  
  127  7:26  Baneling x2  
  129  7:32  Baneling x2  
  129  7:34  Zergling x18  
  134  7:44  Drone x2  
  134  7:50  Overlord  
  136  7:52  Zerg Ground Armor Level 2  
  136  7:54  Drone  
  136  7:55  Extractor, Drone x3  
  139  8:01  Hydralisk Den, Infestation Pit  
  139  8:02  Zergling x18  
  139  8:04  Zerg Missile Weapons Level 1  
  146  8:06  Hatchery  
  146  8:07  Drone x2  
  146  8:08  Overlord x4  
  146  8:09  Overlord  
  147  8:17  Zergling x4  
  141  8:24  Baneling x3  
  141  8:28  Zergling x14  
  141  8:34  Muscular Augments  
  148  8:35  Hatchery  
  148  8:39  Hydralisk x5, Hive  
  148  8:40  Hydralisk x3  
  164  8:44  Overseer, Baneling x3  
  164  8:53  Zergling x14  
  164  8:55  Baneling x9  
  159  9:02  Overlord  
  159  9:04  Hydralisk x4  
  159  9:05  Zergling x2  
  159  9:08  Baneling x3  
  168  9:13  Baneling  
  168  9:14  Zergling x8  
  168  9:22  Zergling x16  
  169  9:27  Spawning Pool  
  169  9:30  Zergling x18  
  167  9:45  Zergling x10, Grooved Spines  
  172  9:52  Zergling x18  
  177  9:57  Overlord  
  176  10:06  Overlord  
  173  10:09  Baneling x13  
  173  10:10  Viper x2  
  179  10:16  Extractor  
  179  10:17  Extractor, Drone x5, Lurker Den  
  179  10:18  Drone, Queen  
  179  10:20  Drone x2  
  179  10:21  Drone x2  
  187  10:30  Zergling x24  
  189  10:37  Zergling x16  
  189  10:41  Zerg Missile Weapons Level 2  
  189  10:42  Zerg Ground Armor Level 3  
  196  10:44  Zergling x6  
  199  10:52  Adrenal Glands  
  198  10:58  Burrow  
  198  11:00  Zergling x4  
  200  11:07  Baneling  
  200  11:08  Baneling x11  
  197  11:21  Zergling x4  
  197  11:24  Seismic Spines  
  197  11:25  Baneling x3  
  199  11:26  Extractor  
  199  11:27  Extractor  
  189  11:36  Zergling x26  
  199  11:42  Zergling x6  
  199  11:44  Baneling x6  
  196  11:59  Zergling x28  
  197  12:04  Zergling x2  
  197  12:05  Zergling x30  
  176  12:11  Zergling x2  
  167  12:16  Zergling x2  
  167  12:17  Zergling x16  
  167  12:21  Adaptive Talons  
  173  12:27  Hydralisk x3  
  173  12:28  Zergling x4  
  166  12:33  Baneling x14  
  166  12:36  Zergling x4  
  161  12:39  Baneling x7  
  161  12:42  Lurker x4  
  161  12:43  Hydralisk x3, Zergling x2  
  161  12:44  Zergling x18  
  180  12:51  Extractor  
  179  12:55  Zergling x14  
  168  13:06  Zergling x10  
  168  13:08  Zerg Missile Weapons Level 3  
  168  13:09  Drone  
  169  13:13  Baneling x11  
  169  13:15  Baneling x2  
  169  13:16  Hydralisk x4, Baneling x4  
  169  13:18  Zerg Melee Weapons Level 2  
  174  13:25  Hydralisk x3  
  180  13:27  Lurker x2  
  180  13:29  Zergling x8  
  180  13:31  Baneling x5  
  180  13:32  Baneling  
  186  13:35  Baneling x4  
  185  13:44  Drone  
  185  13:45  Zergling x6, Drone x2  
  183  13:50  Lurker x3  
  183  13:53  Zergling x10  
  185  13:59  Overlord  
  185  14:01  Drone x3  
  184  14:04  Zergling x10  
  189  14:15  Lurker x2  
  189  14:20  Zergling x4  
  189  14:21  Zergling x12  
  197  14:25  Extractor  
  197  14:29  Overlord  
  197  14:30  Overseer  
  187  14:42  Zergling x32, Spore Crawler  
  197  14:52  Zergling x12  
  200  14:56  Zergling x2  
  200  14:57  Zergling x2  
  195  15:01  Baneling x2  
  195  15:02  Baneling x8  
  193  15:13  Overseer x2  
  193  15:14  Overlord x2  
  193  15:17  Zergling x14  
  189  15:32  Zergling x20  
  199  15:38  Hydralisk x2  
  197  15:51  Zergling x8  
  183  16:03  Drone x4  
  178  16:12  Hatchery  
Show
View Real Time Build Order
Export as new Build Order

Bunny Terran 

Build Orders: Reaper Expand, Hellion Banshee 

Get SALT Encoding   

  12  0:00  SCV  
  13  0:12  SCV  
  14  0:17  Supply Depot  
  14  0:25  SCV  
  15  0:39  SCV  
  15  0:41  Barracks  
  16  0:44  Refinery  
  16  0:51  SCV  
  17  1:03  SCV  
  18  1:15  SCV  
  19  1:27  Reaper  
  19  1:28  Orbital Command  
  20  1:39  Command Center  
  20  1:49  Supply Depot  
  20  1:53  SCV  
  21  1:59  Marine  
  22  2:05  SCV  
  23  2:08  Factory  
  23  2:13  Refinery  
  23  2:17  SCV  
  23  2:21  Barracks Reactor  
  24  2:29  SCV  
  25  2:41  SCV  
  26  2:50  Orbital Command  
  26  2:54  SCV, Starport  
  27  3:03  Hellion x2  
  31  3:06  SCV, Barracks Tech Lab  
  32  3:16  SCV, Supply Depot  
  32  3:18  SCV  
  34  3:24  Hellion x2  
  38  3:28  SCV  
  38  3:30  SCV  
  38  3:34  Marine  
  41  3:39  Banshee, Cloaking Field  
  44  3:42  SCV x2  
  44  3:47  Hellion x2  
  50  3:51  Supply Depot  
  50  3:53  Barracks Tech Lab  
  50  3:56  SCV x2  
  52  4:08  SCV x2  
  54  4:16  Stimpack  
  54  4:18  Command Center  
  54  4:21  Supply Depot  
  54  4:23  Banshee  
  57  4:25  SCV x2  
  59  4:38  SCV x2  
  59  4:40  Barracks  
  59  4:42  Barracks  
  59  4:43  Factory Reactor  
  61  4:50  SCV x2  
  61  4:51  Supply Depot  
  63  4:54  Engineering Bay x2  
  63  5:01  Marine  
  63  5:02  SCV  
  63  5:03  SCV  
  64  5:15  SCV x2  
  64  5:16  Refinery x2  
  64  5:21  Starport Reactor  
  64  5:22  Marine  
  64  5:23  Terran Infantry Weapons Level 1, Terran Infantry Armor Level 1  
  64  5:27  SCV x2  
  67  5:34  Siege Tank  
  70  5:38  Marine x2, Orbital Command  
  72  5:43  SCV  
  72  5:44  SCV  
  72  5:45  Marine x3  
  77  5:55  SCV, Combat Shield  
  77  5:56  SCV, Marine x2  
  81  5:59  Medivac  
  81  6:01  Orbital Command  
  83  6:06  Marine x3  
  83  6:07  Medivac  
  83  6:08  SCV x2  
  90  6:13  Supply Depot  
  90  6:14  Barracks  
  90  6:15  Barracks  
  90  6:19  Siege Tank  
  90  6:22  Supply Depot  
  90  6:23  Supply Depot  
  93  6:35  SCV x3  
  93  6:36  Medivac, Marine x3  
  101  6:43  Medivac, Marine x2  
  105  6:47  SCV x3  
  108  6:54  Marine  
  108  6:56  Siege Tank  
  108  6:59  SCV x3, Marine x2  
  117  7:05  Supply Depot, Barracks Reactor x2  
  117  7:06  Supply Depot x2  
  117  7:08  Armory  
  117  7:10  Marine x2  
  117  7:11  SCV x3  
  117  7:12  Refinery, Missile Turret  
  117  7:13  Missile Turret  
  122  7:23  SCV  
  122  7:25  Marine x2  
  122  7:26  Marine  
  122  7:28  Marine x2  
  128  7:30  SCV x2  
  128  7:31  Medivac x2, Command Center  
  128  7:35  SCV, Supply Depot  
  135  7:37  Concussive Shells  
  135  7:43  Marine x2  
  127  7:45  SCV x2, Marine x3  
  127  7:46  Marine x4  
  127  7:48  SCV  
  138  7:56  Terran Infantry Weapons Level 2  
  138  7:57  SCV x2  
  140  8:00  SCV, Marine  
  140  8:02  Siege Tank  
  143  8:09  Medivac  
  145  8:13  Supply Depot  
  145  8:14  Supply Depot  
  141  8:20  Marine x7  
  141  8:21  Marine x2  
  150  8:29  Terran Infantry Armor Level 2  
  150  8:30  Factory  
  150  8:32  Barracks  
  150  8:33  Barracks  
  150  8:35  Barracks  
  150  8:36  Refinery  
  150  8:39  Marauder, Marine  
  153  8:45  Siege Tank  
  156  8:51  SCV x2  
  132  8:55  Marine x2  
  132  8:56  Marine x5  
  132  8:57  Marine  
  132  8:59  SCV  
  132  9:00  Marine  
  142  9:03  SCV x2  
  144  9:13  Marine  
  145  9:19  Marauder  
  145  9:20  Marine x7  
  145  9:23  Factory Tech Lab  
  145  9:24  Siege Tank  
  146  9:40  Marauder, Marine x8  
  146  9:44  Planetary Fortress  
  151  9:49  Siege Tank  
  154  9:59  Siege Tank  
  148  10:00  Marine x2  
  148  10:05  Marine x8  
  148  10:06  Marine x2  
  159  10:10  SCV x2  
  159  10:11  SCV  
  87  10:14  Medivac x2  
  161  10:17  Marine  
  161  10:18  Marine  
  167  10:23  Marine x7  
  174  10:30  Supply Depot x2  
  166  10:44  Medivac x2  
  166  10:45  Marine, Siege Tank x2  
  166  10:46  Marine x6  
  180  10:57  Supply Depot, Marine x5  
  177  10:58  Supply Depot  
  177  11:03  Marine  
  183  11:12  Marine  
  183  11:13  Marine x5  
  183  11:15  Marauder  
  188  11:20  Medivac x2  
  192  11:28  Siege Tank  
  192  11:29  Siege Tank  
  192  11:30  Marine x2  
  196  11:37  Marauder  
  198  11:45  Marine x3  
  197  11:59  Medivac x2  
  197  12:00  Marine x3  
  197  12:01  Marine x4, Siege Tank x2  
  181  12:06  Marine x3  
  152  12:13  Marine x2  
  146  12:18  Marine x5  
  151  12:29  Marine x5  
  152  12:31  Marauder, Marine  
  152  12:33  Siege Tank x2  
  152  12:36  Marine  
  162  12:40  Medivac x2, Marine  
  162  12:41  Marine x3  
  170  12:47  Marine  
  171  12:53  Marauder  
  159  12:58  Barracks Tech Lab x3  
  159  13:05  Siege Tank x2  
  159  13:08  Marine x8  
  159  13:09  Marine  
  158  13:12  Medivac  
  158  13:14  Marauder  
  162  13:23  Medivac, Sensor Tower  
  162  13:25  Sensor Tower  
  162  13:26  Marine  
  165  13:29  Marauder  
  165  13:30  Marauder  
  169  13:36  Marauder  
  171  13:42  Siege Tank x2  
  167  14:03  Marauder x3  
  169  14:14  Siege Tank x2  
  169  14:16  Marine x9  
  174  14:24  Marauder x2  
  174  14:25  Marauder, Liberator x2  
  186  14:34  Marine x2  
  168  14:45  Marine  
  168  14:46  Marauder x2, Marine x7  
  168  14:52  Marine x2  
  182  14:53  Siege Tank  
  179  15:03  Marine, Siege Tank  
  179  15:04  Marine x6  
  189  15:10  Medivac x2  
  189  15:23  Marauder, Marine  
  189  15:24  Marauder x2, Marine x7  
  191  15:40  Medivac  
  179  15:47  Siege Tank x2  
  185  15:52  Marauder  
  146  16:00  Marine x11  

Tags
 
Add a new tag
Caveats
  • Supply blocks, unpowered buildings, or Contaminate may cause inaccurate times.
  • Supply counts are checked every 10 seconds.